 Dungeon Crawl Stone Soup version 0.23.0 (webtiles) character file.

Game seed: 903521820733678033

317 MovingMist the Ducker (level 6, -9/48 HPs)
             Began as a Demonspawn Gladiator on Feb 18, 2019.
             Mangled by an ogre
             ... wielding a +0 giant spiked club
              (26 damage)
             ... on level 4 of the Dungeon.
             The game lasted 00:06:10 (2298 turns).

MovingMist the Ducker (Demonspawn Gladiator)        Turns: 2298, Time: 00:06:11

Health: -9/48      AC: 13    Str: 15    XL:     6   Next: 20%
Magic:  6/6        EV: 15    Int:  9    God:
Gold:   155        SH:  0    Dex: 16    Spells: 5/5 levels left

rFire    . . .     SeeInvis .   a - +0 long sword
rCold    . . .     Gourm    .   (no shield)
rNeg     . . .     Faith    .   b - +0 leather armour
rPois    .         Spirit   .   c - +1 helmet
rElec    .         Reflect  .   l - +0 cloak
rCorr    .         Harm     .   (no gloves)
MR       .....                  o - +0 pair of boots
Stlth    +.........             (no amulet)
HPRegen  0.16/turn              (no ring)
MPRegen  0.10/turn              (no ring)

@: sanguine armour
A: hooves 1, powered by death 1, spiny 1, sanguine armour 1
a: no special abilities


You were on level 4 of the Dungeon.
You were not hungry.

You visited 1 branch of the dungeon, and saw 4 of its levels.

You collected 155 gold pieces.

Inventory:

Hand Weapons
 a - a +0 long sword (weapon)
Missiles
 d - 4 throwing nets (quivered)
Armour
 b - a +0 leather armour (worn)
 c - a +1 helmet (worn)
 i - a scarf of cloud immunity
 l - a +0 cloak (worn)
 o - a +0 pair of boots (worn)
Jewellery
 t - an uncursed ring of poison resistance {unknown}
Scrolls
 e - a scroll of teleportation
 j - 2 scrolls of identify {unknown}
 k - a scroll of enchant armour
Potions
 g - a potion of resistance {unknown}
 h - 2 potions of curing {unknown}
 m - a potion of degeneration {unknown}
 n - 2 potions of agility {unknown}
 p - 2 potions of heal wounds {unknown}
 q - a potion of haste {unknown}
Comestibles
 f - 7 rations


   Skills:
 + Level 3.6 Fighting
 + Level 3.9 Long Blades
 - Level 1.7 Throwing
 * Level 4.9 Dodging


You had 5 spell levels left.
You didn't know any spells.
Your spell library was empty.

Dungeon Overview and Level Annotations

Branches:
Dungeon (4/15)
 Temple: D:4-7

Altars:
Cheibriados
Kikubaaqudgha
Ru
Sif Muna
Yredelemnul
The Shining One


Innate Abilities, Weirdness & Mutations

You have large cloven feet.
You regenerate a little health from kills.
You are partially covered in sharp spines.
When seriously injured, your bleeding wounds create armour. (AC +6)


Message History

An ogre comes into view. It is wielding a +0 giant spiked club.
An ogre is nearby!
The ogre is struck by your spines. The ogre closely misses you.
You hit the ogre.
The ogre is heavily wounded.
The ogre is struck by your spines. The ogre closely misses you.
You hit the ogre.
The ogre is severely wounded.
The ogre is struck by your spines.
The ogre hits you with a +0 giant spiked club!!
Ouch! That really hurt!
Your blood congeals into armour.
You are too injured to fight recklessly!
You are too injured to fight recklessly!
You are too injured to fight recklessly!
You hit the ogre but do no damage.
The ogre is almost dead.
The ogre hits you with a +0 giant spiked club!!
Ouch! That really hurt!
You die...

.# .# .#
##.## #...#
###..<###
####.......#
#.#
#.....@O...#
#.#
#.##.......#
#.#
#.####.>.###
#.# #.#
#...# ..#
#.# #####
..# #.# ..#
#.# ..###
#.######
..<.#
#......#


You could see an ogre.

Vanquished Creatures
  A howler monkey (D:4)
  2 orc priests (D:3)
  Ijyb (D:3)
  A worker ant (D:4)
  9 adders
  An adder skeleton (D:4)
  4 dart slugs
  3 leopard geckos
  2 orcs (D:2)
  2 giant cockroaches
  9 goblins
  7 hobgoblins
  9 jackals
  3 ball pythons
  7 bats
  5 frilled lizards
  6 kobolds
  7 rats
79 creatures vanquished.

Notes
Turn   | Place    | Note
-------+----------+-------------------------------------------
     0 | D:1      | MovingMist the Demonspawn Gladiator began the quest for the
                  | Orb.
     0 | D:1      | Reached XP level 1. HP: 16/16 MP: 1/1
    38 | D:1      | Reached skill level 3 in Dodging
    43 | D:1      | Gained mutation: You regenerate a little health from kills.
                  | [demonic ancestry]
    43 | D:1      | Reached XP level 2. HP: 18/22 MP: 2/2
   430 | D:2      | Gained mutation: You are partially covered in sharp spines.
                  | [demonic ancestry]
   430 | D:2      | Reached XP level 3. HP: 27/28 MP: 3/3
   558 | D:2      | Found a sacrificial altar of Ru.
   559 | D:2      | Found a basalt altar of Yredelemnul.
   560 | D:2      | Found a glowing golden altar of the Shining One.
   777 | D:2      | Gained mutation: You have large cloven feet. [demonic
                  | ancestry]
   777 | D:2      | Reached XP level 4. HP: 34/34 MP: 4/4
  1272 | D:3      | Reached skill level 4 in Dodging
  1274 | D:3      | Gained mutation: When seriously injured, your bleeding
                  | wounds create armour. (AC +6) [demonic ancestry]
  1274 | D:3      | Reached XP level 5. HP: 35/41 MP: 5/5
  1612 | D:3      | Noticed Ijyb
  1636 | D:3      | Killed Ijyb
  1814 | D:3      | Found a snail-covered altar of Cheibriados.
  1817 | D:3      | Found an ancient bone altar of Kikubaaqudgha.
  1820 | D:3      | Found a deep blue altar of Sif Muna.
  2225 | D:4      | Reached XP level 6. HP: 47/47 MP: 6/6
  2298 | D:4      | Mangled by an ogre

Skill      XL: |  1  2  3  4 |
---------------+-------------+-----
Dodging        | 3 4 |  4.9
Long Blades    | 3 |  3.9
Fighting       | 3 |  3.6
Throwing       | |  1.7

Action                   |  1- 3 |  4- 6 || total
-------------------------+-------+-------++-------
Melee: Long sword        |    80 |    89 ||   169
  Use: Scroll            |       |     7 ||     7
 Stab: Sleeping          |       |     2 ||     2
  Eat: Ration            |       |     1 ||     1
       Chunk             |       |     1 ||     1
Armor: Leather armour    |    34 |    22 ||    56
Dodge: Dodged            |    75 |    79 ||   154
Block: Buckler           |     1 |       ||     1
       Rpst.: Long sword |    18 |    19 ||    37
